Map: Nightshade LE

Players

IIIIIllllIIl (Creator)

  • Race: Protoss Protoss
  • League: Grandmaster
  • Spawn Location: 11:00

Maru - Winner!

  • Race: Terran Terran
  • League: Grandmaster
  • Spawn Location: 5:00

VOD

Have the link to the VOD?

Description

Time

  • Played on: Jan. 6, 2020, 8:32 p.m.
  • Length: 9:19
Show
View Real Time Build Order
Export as new Build Order

IIIIIllllIIl Protoss 

Build Orders: 1 Gate Expand, Oracle Opening 

Get SALT Encoding   

  12  0:00  Probe  
  13  0:12  Probe  
  14  0:17  Pylon  
  14  0:24  Probe (Chrono Boost)  
  15  0:37  Probe (Chrono Boost), Gateway  
  16  0:44  Probe (Chrono Boost)  
  16  0:45  Assimilator  
  17  0:51  Probe  
  18  1:03  Probe  
  19  1:15  Probe  
  20  1:23  Nexus  
  20  1:35  Cybernetics Core  
  20  1:36  Probe  
  21  1:41  Assimilator  
  21  1:48  Probe  
  21  1:53  Pylon  
  22  2:00  Probe  
  23  2:08  Adept (Chrono Boost)  
  23  2:13  Probe  
  26  2:17  Stargate  
  26  2:25  Probe  
  27  2:31  Adept  
  27  2:34  Warp Gate  
  27  2:36  Probe (Chrono Boost)  
  30  2:37  Probe (Chrono Boost)  
  29  2:47  Probe x2 (Chrono Boost)  
  31  2:51  Probe (Chrono Boost)  
  31  2:52  Probe (Chrono Boost)  
  33  3:02  Probe  
  33  3:03  Probe, Oracle (Chrono Boost)  
  38  3:14  Probe  
  38  3:15  Probe, Pylon  
  40  3:26  Probe  
  41  3:27  Probe  
  42  3:34  Oracle  
  42  3:38  Probe (Chrono Boost)  
  47  3:42  Probe (Chrono Boost), Gateway  
  47  3:44  Gateway  
  47  3:49  Pylon  
  47  3:50  Probe (Chrono Boost)  
  49  3:56  Probe x2 (Chrono Boost)  
  50  4:03  Probe  
  50  4:05  Nexus  
  51  4:12  Probe, Pylon  
  51  4:16  Probe  
  53  4:21  Assimilator  
  53  4:23  Assimilator  
  53  4:24  Probe  
  53  4:29  Probe, Twilight Council  
  53  4:30  Forge  
  55  4:40  Probe  
  55  4:41  Probe  
  57  4:52  Probe  
  58  4:53  Probe  
  58  4:54  Blink (Chrono Boost)  
  58  4:58  Pylon  
  59  5:04  Probe, Protoss Ground Weapons Level 1 (Chrono Boost)  
  59  5:05  Probe, Stalker x3  
  67  5:13  Shield Battery  
  64  5:16  Probe  
  64  5:17  Probe  
  64  5:20  Probe  
  67  5:27  Gateway  
  67  5:28  Gateway x2  
  67  5:30  Robotics Facility  
  67  5:33  Probe x3  
  70  5:36  Sentry x2  
  70  5:40  Stalker  
  76  5:48  Shield Battery  
  74  5:51  Pylon  
  74  5:56  Shield Battery  
  74  6:01  Stalker x2  
  78  6:05  Stalker  
  71  6:20  Stalker  
  71  6:23  Stalker x2  
  71  6:24  Stalker x2  
  85  6:26  Oracle  
  68  6:42  Stalker  
  68  6:46  Stalker x3  
  68  6:49  Probe (Chrono Boost)  
  68  6:50  Probe x2 (Chrono Boost)  
  64  7:01  Probe (Chrono Boost)  
  66  7:02  Probe (Chrono Boost)  
  66  7:04  Robotics Facility  
  66  7:05  Zealot x2  
  66  7:07  Probe (Chrono Boost), Assimilator, Protoss Ground Armor Level 1  
  66  7:08  Assimilator  
  71  7:09  Probe (Chrono Boost)  
  71  7:10  Probe (Chrono Boost)  
  71  7:14  Probe (Chrono Boost)  
  73  7:15  Probe  
  73  7:16  Probe  
  73  7:19  Pylon  
  73  7:21  Charge  
  75  7:25  Probe  
  75  7:27  Probe  
  75  7:28  Probe  
  74  7:37  Probe  
  74  7:39  Probe  
  74  7:40  Probe  
  74  7:43  Stalker x5  
  87  7:46  Nexus  
  87  7:49  Immortal (Chrono Boost), Forge  
  92  7:58  Probe x3  
  94  8:11  Robotics Bay  
  94  8:13  Robotics Facility  
  94  8:15  Probe x3  
  97  8:21  Warp Prism (Chrono Boost)  
  97  8:22  Sentry, Zealot x2  
  105  8:27  Sentry, Stalker  
  105  8:31  Pylon  
  109  8:39  Stalker  
  109  8:41  Pylon  
  109  8:42  Gateway  
  109  8:44  Gateway  
  109  8:45  Pylon  
  109  8:53  Stalker x4  
  101  9:08  Stalker x2  
Show
View Real Time Build Order
Export as new Build Order

Maru Terran - Winner!

Build Orders: Reaper Expand 

Get SALT Encoding   

  12  0:00  SCV  
  13  0:12  SCV  
  14  0:16  Supply Depot  
  14  0:25  SCV  
  15  0:38  SCV  
  15  0:39  Barracks  
  16  0:43  Refinery  
  16  0:50  SCV  
  17  1:02  SCV  
  18  1:14  SCV  
  19  1:26  Orbital Command, Reaper  
  20  1:45  Command Center  
  20  1:51  Supply Depot  
  20  1:52  SCV  
  21  1:58  Marine  
  22  2:04  SCV  
  22  2:07  Factory  
  23  2:16  SCV, Bunker  
  23  2:19  Refinery  
  23  2:21  Barracks Reactor  
  24  2:28  SCV  
  25  2:40  SCV  
  26  2:52  SCV, Starport  
  26  2:57  Marine, Widow Mine  
  26  2:58  Marine, Orbital Command  
  31  3:04  SCV  
  32  3:15  Marine x2  
  32  3:18  Factory Tech Lab  
  33  3:20  SCV  
  33  3:24  SCV  
  35  3:30  Supply Depot  
  35  3:32  SCV, Viking  
  35  3:33  Marine x2  
  40  3:37  SCV  
  40  3:39  Cyclone  
  44  3:44  SCV  
  45  3:49  SCV  
  45  3:51  Mag-Field Accelerator  
  45  3:52  Supply Depot  
  45  3:54  Marine  
  45  3:55  Marine  
  48  3:57  SCV  
  49  4:11  SCV x2  
  49  4:12  Cyclone  
  49  4:14  Marine x2  
  56  4:18  Supply Depot, Engineering Bay  
  56  4:23  SCV x2, Viking  
  60  4:35  SCV x2  
  62  4:40  Marine x2  
  62  4:47  SCV x2, Supply Depot  
  64  4:53  Medivac  
  64  4:57  Marine x2  
  64  4:58  Missile Turret  
  64  4:59  SCV, Missile Turret  
  66  5:01  Cyclone  
  66  5:03  SCV  
  70  5:11  Supply Depot  
  70  5:12  SCV  
  71  5:15  SCV  
  71  5:20  Command Center  
  72  5:24  Starport Tech Lab  
  72  5:28  SCV x2  
  74  5:33  Refinery  
  74  5:35  Barracks  
  74  5:37  Barracks  
  74  5:38  Cyclone  
  74  5:40  SCV x2  
  78  5:52  SCV x2  
  81  6:04  SCV x2  
  81  6:07  Refinery  
  81  6:10  Cyclone  
  84  6:16  SCV x2  
  83  6:18  Raven  
  83  6:19  Supply Depot  
  84  6:27  Barracks Reactor, Barracks Tech Lab  
  84  6:28  SCV x2  
  79  6:33  Barracks x2  
  73  6:40  SCV x2  
  73  6:44  Marine  
  71  6:49  Marine x2  
  71  6:50  Siege Tank  
  71  6:52  SCV x2  
  73  6:55  Orbital Command  
  73  6:58  Stimpack  
  73  7:00  Engineering Bay  
  70  7:04  SCV x2  
  70  7:05  Bunker  
  72  7:08  Marine  
  72  7:09  Marine, Marauder  
  72  7:10  Terran Infantry Weapons Level 1  
  76  7:16  SCV, Marauder  
  76  7:17  SCV  
  79  7:22  Supply Depot  
  79  7:24  Barracks Reactor, Barracks Tech Lab  
  79  7:26  Marine x2  
  79  7:28  Siege Tank  
  79  7:29  Orbital Command  
  83  7:30  Marauder  
  85  7:37  Marauder  
  85  7:39  SCV, Supply Depot  
  88  7:44  Marine x2  
  88  7:50  Combat Shield  
  90  7:52  SCV, Marauder  
  90  7:53  SCV  
  90  7:54  SCV, Refinery  
  90  7:57  Refinery  
  95  8:00  Supply Depot, Medivac  
  95  8:01  Medivac  
  95  8:02  Marine x4  
  103  8:08  SCV x3  
  106  8:14  Marauder x3  
  106  8:18  Supply Depot  
  106  8:19  Siege Tank  
  115  8:26  Marine  
  116  8:32  Marine x2  
  118  8:35  Marauder  
  118  8:36  Marauder x2  
  118  8:38  Marine  
  118  8:39  Medivac  
  118  8:41  SCV  
  128  8:47  Marine  
  129  8:50  Marine x2  
  129  8:55  Marine  
  129  8:57  Marauder x3  
  132  9:07  Barracks x2  
  132  9:09  Barracks  
  132  9:10  Armory  
Tags
 
Add a new tag
Caveats
  • Supply blocks, unpowered buildings, or Contaminate may cause inaccurate times.
  • Supply counts are checked every 10 seconds.